 Dungeon Sprint DCSS version 0.19.0-11-g3fc08b3 (webtiles) character file.

1253 equalderp2856 the Ripper (level 8, -8/41 HPs)
             Began as a Felid Fighter on Nov 9, 2016.
             Shot with an arrow by a centaur warrior (15 damage)
             ... in the Dungeon (Sprint I: "Red Sonja").
             The game lasted 00:05:19 (1052 turns).

equalderp2856 the Ripper (Felid Fighter)            Turns: 1052, Time: 00:05:20

Health: -8/41      AC:  2    Str: 14    XL:     8   Next: 26%
Magic:  9/9        EV: 28    Int:  9    God:
Gold:   621        SH:  0    Dex: 17    Spells: 0 memorised, 7 levels left
                                        Lives:  0   Deaths: 2

rFire  . . .     SeeInvis +       - Unarmed
rCold  . . .     Gourm    .     (armour unavailable)
rNeg   . . .     Faith    .     (shield unavailable)
rPois  .         Spirit   .     (helmet unavailable)
rElec  .         Reflect  .     (cloak unavailable)
rCorr  .         Harm     .     (gloves unavailable)
MR     +....     NoTele   +     (boots unavailable)
Stlth  ++++++....               (no amulet)
                                (no ring)
                                (no ring)

@: quick
A: no armour, no weapons or thrown items, stealth, claws 1, fangs 3, see
invisible, carnivore 3, speed 1, shaggy fur 2, slow metabolism 1, sharp paws
a: no special abilities


You were in the Dungeon.
You were not hungry.

You visited 1 branch You collected 621 gold pieces.

Inventory:

Potions
 a - a potion of might
 c - 2 potions of curing
 d - a potion of lignification {unknown}
 e - a potion of haste
 f - 2 potions of magic
 g - a potion of berserk rage
Comestibles
 b - a meat ration


   Skills:
 + Level 8.5 Fighting
 + Level 12.3 Dodging
 * Level 14.5 Stealth
 + Level 15.1 Unarmed Combat


You had 7 spell levels left.
You didn't know any spells.

Dungeon Overview and Level Annotations

Branches:
Dungeon (1/1)

Altars:
Cheibriados
Dithmenos
Elyvilon
Fedhas
Gozag
Hepliaklqana
Kikubaaqudgha
Makhleb
Nemelex Xobeh
Okawaru
Qazlal
Ru
Sif Muna
Trog
Uskayaw
Vehumet
Xom
Yredelemnul
Zin
The Shining One
Jiyva
Lugonu

Shops:
D *[[


Innate Abilities, Weirdness & Mutations

You cannot wear armour.
You are incapable of wielding weapons or throwing items.
Your paws allow you to move quietly. (Stealth)
You have sharp claws.
You have razor-sharp teeth.
You have supernaturally acute eyesight. (SInv)
You are carnivorous and can eat meat at any time.
You cover ground quickly.
You are covered in thick fur. (AC +2)
You have a slow metabolism.
Your sharp claws are effective at attacking unaware monsters.


Message History

The centaur warrior unwields an uncursed longbow.
The centaur warrior hits you!
There is a deep blue altar of Sif Muna, spattered with blood here.
You mangle the centaur warrior!!
The centaur warrior is severely wounded.
The centaur warrior hits you.
* * * LOW HITPOINT WARNING * * *
You claw the centaur warrior! You bite the centaur warrior.
You kill the centaur warrior!
Your Dodging skill increases to level 12!
Your Stealth skill increases to level 14!
Your Unarmed Combat skill increases to level 15!
Welcome back to level 8!
There is an open door here.
You see here 3 fruits.
You close the door.
A centaur warrior opens the door.
You close the door.
A centaur warrior opens the door.
You close the door.
A centaur warrior opens the door.
The centaur warrior shoots an arrow.
The arrow hits you!
You die...

#<.#..)..#.)'..#__#..)...#
#..'..#..'..#..'^.'..#...#
#..#####'#####'#__####)..+
#..####..#...#[####§§#####
#..#__####..##)#§≈≈§§#
#..#_____##'#§§§§≈§§§+
#⌠⌠#_.∩...'..(c#≈§c§§#
####_..__##_.#'##§####
#_____###'#@#((..###
############.####c###)##
#∩........'c.('((...')∩#
###++++####...##########
##.## #+#


You could see a centaur warrior.

Vanquished Creatures
  A centaur warrior (D)
  Sonja (D)
  A deep troll (D)
  2 kobold demonologists (D)
  A slime creature (D)
  Sigmund (D)
  A yak (D)
  A floating eye (D)
  An ogre (D)
  A jelly (D)
  Ijyb (D)
12 creatures vanquished.

Vanquished Creatures (others)
  A gargoyle (D)
1 creature vanquished.

Grand Total: 13 creatures vanquished

Notes
Turn   | Place    | Note
-------+----------+-------------------------------------------
     0 | D        | equalderp2856 the Felid Fighter began the quest for the Orb.
     0 | D        | Reached XP level 1. HP: 10/10 MP: 2/2
     2 | D        | Noticed Ijyb
     9 | D        | Killed Ijyb
     9 | D        | Reached skill level 5 in Unarmed Combat
     9 | D        | Reached XP level 2. HP: 12/15 MP: 3/3
    65 | D        | Noticed an ogre
    71 | D        | Killed an ogre
    71 | D        | Reached skill level 5 in Stealth
    71 | D        | Reached skill level 7 in Unarmed Combat
    71 | D        | Reached XP level 3. HP: 18/18 MP: 4/4
    71 | D        | Reached XP level 4. HP: 22/22 MP: 5/5
    85 | D        | Noticed Sigmund
    88 | D        | Killed Sigmund
    88 | D        | Reached skill level 5 in Fighting
    88 | D        | Reached skill level 9 in Unarmed Combat
    88 | D        | Reached XP level 5. HP: 26/26 MP: 6/6
   102 | D        | Found a deep blue altar of Sif Muna.
   104 | D        | Found a radiant altar of Vehumet.
   108 | D        | Gained mutation: You are covered in thick fur. (AC +2) [Felid growth]
   108 | D        | Reached XP level 6. HP: 31/31 MP: 7/7
   115 | D        | Found a burning altar of Makhleb.
   115 | D        | Found a viscous altar of Jiyva.
   115 | D        | Found a shimmering altar of Xom.
   115 | D        | Found a corrupted altar of Lugonu.
   115 | D        | Noticed a slime creature
   121 | D        | Killed a gargoyle
   122 | D        | Killed a slime creature
   122 | D        | Reached skill level 11 in Unarmed Combat
   178 | D        | Found Pusu's Antique Armour Emporium.
   178 | D        | Found an ancient bone altar of Kikubaaqudgha.
   178 | D        | Found a hazy altar of Hepliaklqana.
   178 | D        | Found a stormy altar of Qazlal.
   178 | D        | Found a hide-covered altar of Uskayaw.
   178 | D        | Found a blossoming altar of Fedhas.
   178 | D        | Found a bloodstained altar of Trog.
   178 | D        | Found an iron altar of Okawaru.
   178 | D        | Found a basalt altar of Yredelemnul.
   178 | D        | Found a glowing golden altar of the Shining One.
   178 | D        | Found a snail-covered altar of Cheibriados.
   178 | D        | Found a sacrificial altar of Ru.
   178 | D        | Found a glowing silver altar of Zin.
   178 | D        | Found a shadowy altar of Dithmenos.
   178 | D        | Found a white marble altar of Elyvilon.
   178 | D        | Noticed a yak
   179 | D        | Found an opulent altar of Gozag.
   180 | D        | Killed a yak
   180 | D        | Reached XP level 7. HP: 35/35 MP: 8/8
   181 | D        | Found a sparkling altar of Nemelex Xobeh.
   433 | D        | Noticed a kobold demonologist
   435 | D        | Noticed a kobold demonologist
   437 | D        | Reached skill level 10 in Stealth
   437 | D        | Reached skill level 12 in Unarmed Combat
   442 | D        | Noticed a hellwing
   449 | D        | Killed a kobold demonologist
   453 | D        | Noticed a sixfirhy
   457 | D        | Noticed a ynoxinul
   460 | D        | Killed a kobold demonologist
   460 | D        | Reached skill level 10 in Dodging
   460 | D        | Reached skill level 13 in Unarmed Combat
   460 | D        | Reached XP level 8. HP: 6/40 MP: 9/9
   745 | D        | Noticed a centaur warrior
   748 | D        | Noticed a centaur warrior
   770 | D        | Noticed a deep troll
   772 | D        | Killed a deep troll
   786 | D        | Noticed Sonja
   800 | D        | Killed Sonja
   800 | D        | Reached skill level 14 in Unarmed Combat
   800 | D        | Reached XP level 9. HP: 23/44 MP: 10/10
   950 | D        | Found Emohiaff's General Store.
   976 | D        | Found Arazxis's Armour Emporium.
  1024 | D        | Shot with an arrow by a centaur warrior
  1025 | D        | Reached XP level 8. HP: -15/40 MP: 9/9
  1036 | D        | Shot with an arrow by a centaur warrior
  1037 | D        | Reached XP level 7. HP: -1/37 MP: 8/8
  1047 | D        | Killed a centaur warrior
  1047 | D        | Reached skill level 15 in Unarmed Combat
  1047 | D        | Reached XP level 8. HP: 6/41 MP: 9/9
  1052 | D        | Shot with an arrow by a centaur warrior

Skill      XL: |  1  2  3  4  5  6  7  8 |
---------------+-------------------------+-----
Stealth        | 3 5 7 8 9 14 13 | 14.5
Unarmed Combat | 5 7 9 11 15 14 | 15.1
Fighting       | 4 5 6 7 8 |  8.5
Dodging        | 6 7 8 12 11 | 12.3

Action                   |  1- 3 |  4- 6 |  7- 9 || total
-------------------------+-------+-------+-------++-------
Melee: Unarmed           |    11 |     9 |    32 ||    52
       Bite              |     1 |     1 |     5 ||     7
       Punch             |     1 |       |     3 ||     4
  Use: Potion            |       |       |     2 ||     2
       Scroll            |       |       |     1 ||     1
 Stab: Sleeping          |       |     3 |     2 ||     5
Armor: Skin              |       |       |     3 ||     3
Dodge: Dodged            |     7 |     3 |    58 ||    68
